 Dungeon Crawl Stone Soup version 0.31-a0-865-g3d5d91748a (webtiles) character file.

Game seed: 10478997246267956869

235 MackTheKnife the Ruffian (level 5, -1/45 HPs)
             Began as a Draconian Chaos Knight on Oct 10, 2023.
             Was a Plaything of Xom.
             Slain by Grinder (6 damage)
             ... while paralysed by Grinder
             ... in a sewer.
             The game lasted 00:05:12 (2822 turns).

MackTheKnife the Ruffian (Draconian Chaos Knight)   Turns: 2822, Time: 00:05:13

Health: -1/45      AC:  5    Str: 14    XL:     5   Next: 76%
Magic:  5/5        EV:  2    Int: 12    God:    Xom [*.....]
Gold:   122        SH:  0    Dex: 13    Spells: 4/4 levels left

rFire   . .          .
                       - Unarmed
rCold   . . .        (no shield)
rNeg    . . .        (body armour unavailable)
rPois   .            (helmet restricted)
rElec   .            (no cloak)
rCorr   .            (no gloves)
SInv    .            (no boots)
Will    .....        (no amulet)
Stlth   +            (no ring)
HPRegen 0.27/turn    (no ring)
MPRegen 0.09/turn

%: no passive effects
@: paralysed, hasted
A: AC +5, unfitting armour, cold-blooded, antennae 1, wild magic 2, inability to
drink after injury 1
a: Renounce Religion


You were in a sewer.
You worshipped Xom.
You were a special plaything of Xom.
You visited 1 branch of the dungeon, and saw 4 of its levels.
You also visited: Sewer.

You collected 122 gold pieces.


Innate Abilities, Weirdness & Mutations

Your plain brown scales are hard. (AC +5)
You cannot fit into any form of body armour.
You are cold-blooded and may be slowed by cold attacks.
You have a pair of small antennae on your head.
Your spells are harder to cast, but more powerful.
You occasionally lose the ability to drink potions when taking damage.


   Skills:
 - Level 3.2 Fighting
 - Level 2.1 Dodging
 + Level 6.6 Unarmed Combat


You had 4 spell levels left.
You didn't know any spells.
Your spell library contained the following spells:

 Spells                   Type           Power      Damage    Failure   Level
 Sandblast                Erth           0%         2d4       50%         1
 Passwall                 Tmut/Erth      0%         N/A       63%         2
 Sublimation of Blood     Necr           0%         N/A       63%         2
 Stone Arrow              Conj/Erth      0%         3d7       83%         3
 Brom's Barrelling Bould  Conj/Erth      0%         2d3       99%         4
 Petrify                  Tmut/Erth      0%         N/A       99%         4
 Irradiate                Conj/Tmut      0%         3d11      100%        5

Inventory:

Missiles
 c - 13 poisoned darts {throwing}
Jewellery
 i - a +6 ring of dexterity
   (You found it on level 3 of the Dungeon)
Wands
 b - a wand of charming (8)
   (You found it on level 2 of the Dungeon)
Scrolls
 e - a scroll of fear
 g - 2 scrolls of teleportation {@r4}
 j - a scroll of enchant weapon {unknown}
 k - a scroll of noise {unknown}
Potions
 f - 3 potions of curing {@q1}
 h - 3 potions of brilliance

Dungeon Overview and Level Annotations

Branches:
Dungeon (4/15) Zot: 21466   Sewer (1/1) Zot: 5744
 Temple: D:4-7

Altars:

Annotations:
D:2 1 runed translucent door, Crazy Yiuf Sewer Grinder

#≈~.# #≈~.# #≈~.# #≈..#
#≈≈.#
#################≈~.#
≈≈~≈~#~≈≈~~≈≈≈≈≈~~~.#
≈≈~~~~~~≈..~≈..~~≈~.#
≈≈≈~ #†...@{........#
≈≈≈~ ##.##########~##
≈≈≈≈≈#.b.#≈≈≈≈≈≈#≈~≈#
≈≈≈≈~#...#≈≈≈≈≈≈#≈≈≈#
≈≈≈≈≈≈.).#≈≈≈≈≈≈#≈≈≈#
≈≈≈≈b#b..~≈≈≈≈≈≈#≈≈≈#
≈≈≈≈~#.b.#≈b≈≈≈≈#≈≈≈#
#≈≈≈≈≈≈bbbbb≈b≈≈≈≈#≈≈≈#
#≈≈≈≈≈≈#.b.≈≈≈≈≈≈≈#≈≈≈#


There were no monsters in sight!


Message History

The kobold hits you with a +0 short sword.
* * * LOW HITPOINT WARNING * * *
😨 HP[-2]
You take 2 damage, and now have 16/45 hp.
Unknown command.
Unknown command.
You completely miss Grinder.
Your tail-slap misses Grinder.
Unknown command.
You hit Grinder.
Grinder blinks!
The kobold barely misses you.
Unknown command.
Unknown command.
You barely miss the kobold.
Unknown command.
You closely miss the kobold.
You tail-slap the kobold, but do no damage.
Grinder blinks!
The kobold hits you with a +0 short sword.
* * * LOW HITPOINT WARNING * * *
😨 HP[-2]
You take 2 damage, and now have 14/45 hp.
Unknown command.
You closely miss the kobold.
Unknown command.
You hit the kobold.
Your tail-slap misses the kobold.
The kobold hits you but does no damage. 😨 HP[+1] Unknown command.
You barely miss the kobold. You hit the kobold.
You kill the kobold!
Unknown command.
You see here a +0 short sword {short}.
You hear Xom's avuncular chuckle.
Grinder flickers and vanishes!
Deactivating autopickup; reactivate with Ctrl-A.
There is an open door here.
Unknown command.
Unknown command.
As you read the scroll of butterflies, it crumbles to dust.
You hear the flapping of tiny wings.
Your butterfly suddenly stops moving!
You swap places.
You see here a +0 short sword {short}. 😨 HP[+1] Unknown command.
You swap places.
You swap places.
You swap places.
You swap places. 😨 HP[+1]
You swap places.
You swap places.
Things that are here:
a +0 dagger {short}; a +0 whip {mace}; 6 stones {throwing} 😨 HP[+1]
You swap places. "You need some minor improvements, mortal!"
Your body is suffused with distortional energy.
A pair of antennae grows on your head!
You occasionally lose the ability to drink potions when taking damage.
Unknown command.
Things that are here:
a +0 club {mace}; a kobold corpse 😨 HP[+1] 😨 HP[+1]
You start resting.
Your extra speed is starting to run out.
You start resting.
You feel yourself slow down. 😨 HP[+2]
You regained 2 hp, and now have 22/45 hp.
You start resting.
You suddenly lose the ability to move!
You can move again. 😮 HP[+4]
You regained 4 hp, and now have 26/45 hp.
Unknown command.
You hear a zap.
A puff of flame appears from out of thin air!
The puff of flame hits you.
* * * LOW HITPOINT WARNING * * *
😨 HP[-4]
You take 4 damage, and now have 22/45 hp.
Unknown command.
Unknown command.
Okay, then.
Unknown command.
You feel yourself speed up. 😮 HP[+1]
You closely miss something.
Your tail-slap misses something.
You suddenly lose the ability to move!
Pain shoots through your body!
* * * LOW HITPOINT WARNING * * *
Something hits you.
* * * LOW HITPOINT WARNING * * *
You writhe in agony.
* * * LOW HITPOINT WARNING * * *
Something hits you.
You die... "This toy is broken."

Skill      XL: |  1  2  3  4  5 |
---------------+----------------+-----
Unarmed Combat | 4 5 6 |  6.6
Fighting       | |  3.2
Dodging        | |  2.1

Action                     |  1- 3 |  4- 6 || total
---------------------------+-------+-------++-------
  Melee: Unarmed           |   108 |   161 ||   269
         Tailslap          |    11 |    13 ||    24
         Punch             |     7 |     4 ||    11
  Evoke: Wand              |     2 |     1 ||     3
    Use: Scroll            |     5 |     2 ||     7
         Potion            |       |     3 ||     3
   Stab: Invisible         |     5 |       ||     5
         Sleeping          |     1 |     3 ||     4
 Armour: Skin              |    38 |    82 ||   120
  Dodge: Dodged            |    65 |    92 ||   157

Levels and vault maps discovered:
D:1:      tarquinn_simple_flora_water_c, layout_loops_ring
D:2:      layout_loops_cross, uniq_crazy_yiuf_cottage
D:3:      layout_basic
D:4:      layout_rooms, gup_sewer_entry_glass
Sewer:    kennysheep_sewer_church

Notes
Turn   | Place    | Note
-------+----------+-------------------------------------------
     0 | D:1      | MackTheKnife the Draconian Chaos Knight began the quest for
                  | the Orb.
     0 | D:1      | Reached XP level 1. HP: 19/19 MP: 1/1
     0 | D:1      | magus.rc [v1.9.6]
    24 | D:1      | XOM: potion effect (invisibility)
    41 | D:1      | Reached XP level 2. HP: 26/26 MP: 2/2
   256 | D:1      | Reached skill level 4 in Unarmed Combat
   442 | D:1      | Reached XP level 3. HP: 31/31 MP: 3/3
   476 | D:1      | XOM: cloud trail
   644 | D:2      | XOM: give mutations
   644 | D:2      | Gained mutation: Your spells are a little harder to cast,
                  | but a little more powerful. [Xom's grace]
   644 | D:2      | Gained mutation: You possess an exceptional clarity of
                  | mind. [Xom's grace]
   644 | D:2      | Gained mutation: Your large and strong wings let you fly.
                  | [Xom's grace]
   853 | D:2      | Found a runed translucent door.
   854 | D:2      | Noticed Crazy Yiuf
  1060 | D:2      | XOM: butterfly on damage
  1077 | D:2      | Reached skill level 5 in Unarmed Combat
  1077 | D:2      | Reached XP level 4. HP: 10/38 MP: 4/4
  1097 | D:2      | XOM: 1-stop teleportation journey
  1164 | D:2      | XOM: 1-stop teleportation journey
  1251 | D:2      | XOM: give mutation
  1251 | D:2      | Lost mutation: You possess an exceptional clarity of mind.
                  | [Xom's mischief]
  1514 | D:3      | You pick up a book of Geomancy and begin reading...
  1514 | D:3      | You add the spells Sandblast, Passwall, Stone Arrow and
                  | Brom's Barrelling Boulder to your library.
  1575 | D:3      | XOM: blink monster(s)
  1634 | D:3      | You pick up a book of Alchemy and begin reading...
  1634 | D:3      | You add the spells Sublimation of Blood, Petrify and
                  | Irradiate to your library.
  1665 | D:3      | XOM: chaos upgrade
  1669 | D:3      | XOM: polymorph orc -> goblin
  1670 | D:3      | XOM: polymorph goblin -> frilled lizard
  1673 | D:3      | HP: 9/38 [poisoned by an orc]
  1947 | D:3      | Reached XP level 5. HP: 44/45 MP: 5/5
  2024 | D:3      | XOM is BORED!
  2024 | D:3      | XOM: give mutations
  2024 | D:3      | Lost mutation: Your large and strong wings let you fly.
                  | [Xom's mischief]
  2024 | D:3      | Gained mutation: Your spells are harder to cast, but more
                  | powerful. [Xom's mischief]
  2024 | D:3      | Gained mutation: Your mind is acute. (Int +4, Str/Dex -1)
                  | [Xom's mischief]
  2024 | D:3      | Lost mutation: Your mind is acute. (Int +4, Str/Dex -1)
                  | [Xom's mischief]
  2103 | D:3      | XOM: silly message
  2358 | D:4      | Noticed a phantom
  2418 | D:3      | Reached skill level 6 in Unarmed Combat
  2515 | D:4      | Found a glowing drain.
  2549 | Sewer    | Entered a sewer
  2695 | Sewer    | Noticed Grinder
  2763 | Sewer    | XOM: enchant monster (bad)
  2779 | Sewer    | XOM: give mutations
  2779 | Sewer    | Gained mutation: You have a pair of small antennae on your
                  | head. [Xom's mischief]
  2779 | Sewer    | Gained mutation: You occasionally lose the ability to drink
                  | potions when taking damage. [Xom's mischief]
  2812 | Sewer    | Paralysed by something for 3 turns
  2819 | Sewer    | Paralysed by something for 3 turns
  2821 | Sewer    | HP: 6/45 [something (6)]
  2822 | Sewer    | Slain by Grinder

Vanquished Creatures
  An orc priest (D:3)
  An iguana (D:3)
  A gnoll (D:2)
  4 adders
  2 shadow imps (Sewer)
  2 ufetubi (Sewer)
  A worm (D:3)
  2 dart slugs
  3 orcs (D:3)
  7 bats
  5 endoplasms
  10 giant cockroaches
  6 goblins
  5 hobgoblins
  4 jackals (D:1)
  2 quokkas (D:1)
  2 ball pythons
  8 frilled lizards
  11 kobolds
  2 kobold zombies (Sewer)
  3 rats
82 creatures vanquished.

Vanquished Creatures (collateral kills)
  A gnoll (D:2)
1 creature vanquished.

Vanquished Creatures (others)
  2 gnolls (D:2)
2 creatures vanquished.

Grand Total: 85 creatures vanquished

Table legend:
 A = Non-vault XP
 B = Vault XP
 C = Vault XP percentage of total XP
 D = Non-vault monster count
 E = Vault monster count
 F = Vault count percentage of total count
                 A         B        C        D         E       F
            +---------+---------+-------+---------+---------+-------
      Total |     260 |      77 |  22.8 |      64 |      20 |  23.8
            +---------+---------+-------+---------+---------+-------
        D:1 |      45 |       0 |   0.0 |      26 |       0 |   0.0
        D:2 |      69 |       0 |   0.0 |      14 |       0 |   0.0
        D:3 |     143 |       0 |   0.0 |      22 |       0 |   0.0
        D:4 |       3 |      17 |  85.0 |       2 |       3 |  60.0
      Sewer |       0 |      60 | 100.0 |       0 |      17 | 100.0
            +---------+---------+-------+---------+---------+-------

Skill      XL: |  1  2  3  4  5 |
---------------+----------------+-----
Unarmed Combat | 4 5 6 |  6.6
Fighting       | |  3.2
Dodging        | |  2.1

Action                     |  1- 3 |  4- 6 || total
---------------------------+-------+-------++-------
  Melee: Unarmed           |   108 |   161 ||   269
         Tailslap          |    11 |    13 ||    24
         Punch             |     7 |     4 ||    11
  Evoke: Wand              |     2 |     1 ||     3
    Use: Scroll            |     5 |     2 ||     7
         Potion            |       |     3 ||     3
   Stab: Invisible         |     5 |       ||     5
         Sleeping          |     1 |     3 ||     4
 Armour: Skin              |    38 |    82 ||   120
  Dodge: Dodged            |    65 |    92 ||   157

Illustrated notes

Table legend:
 A = Kills in this place as a percentage of kills in the entire game.
 B = Kills by you in this place as a percentage of kills by you in the entire game.
 C = Kills by friends in this place as a percentage of kills by friends in the entire game.
 D = Other kills in this place as a percentage of other kills in the entire game.
 E = Experience gained in this place as a percentage of experience gained in the entire game.
 F = Experience gained in this place divided by the number of levels of this place that you have seen.
                   A       B       C       D       E      F
               +-------+-------+-------+-------+-------+----------------------
         Total | 100.0 | 100.0 | 100.0 | 100.0 | 100.0 |  67.4
       Dungeon |  79.8 |  79.3 | 100.0 | 100.0 |  82.2 |  69.2
         Sewer |  20.2 |  20.7 |   0.0 |   0.0 |  17.8 |  60.0
               +-------+-------+-------+-------+-------+----------------------

Table legend: (Time is in decaauts)
 A = Elapsed time spent in this place.
 B = Non-inter-level travel time spent in this place.
 C = Inter-level travel time spent in this place.
 D = Time resting spent in this place.
 E = Time spent auto-exploring this place.
 F = Levels seen in this place.
 G = Mean time per level.
                   A        B        C        D        E       F      G
               +--------+--------+--------+--------+--------+-----+--------+
         Total |   2787 |   2709 |     78 |    351 |   1761 |   5 |  557.4 |
       Dungeon |   2533 |   2455 |     78 |    295 |   1696 |   4 |  633.2 |
         Sewer |    254 |    254 |      0 |     56 |     65 |   1 |  254.0 |
               +--------+--------+--------+--------+--------+-----+--------+

Top non-repeatable levels by time:
     D:3: 999 daAuts
     D:2: 829 daAuts
     D:1: 639 daAuts
   Sewer: 254 daAuts
     D:4: 64 daAuts
